[Event "*** Qualifier 2: Titled Tuesday 3|2 Blitz"]
[Site "Chess.com"]
[Date "2017.04.11"]
[Round "2"]
[White "Saitama_Hero"]
[Black "stepanosinovsky"]
[Result "1-0"]
[WhiteElo "2167"]
[BlackElo "2198"]
[TimeControl "180+2"]
[EndTime "13:21:14 PDT"]
[Termination "Saitama_Hero won by resignation"]

1. e4 e5 2. Nf3 Nc6 3. d4 d6 4. d5 Nce7 5. Bb5+ c6 6. Ba4 Nf6 7. O-O Nxe4 8. dxc6 bxc6 9. Qe2 Nc5 10.
Bb3 g6 11. Rd1 Bg7 12. Be3 Nxb3 13. axb3 O-O 14. Rxa7 Rxa7 15. Bxa7 Nd5 16. Nc3 Nf4 17. Qc4 Qe7 18. Be3 d5 19. Qxc6 d4 20. Bxf4 dxc3 21.
Bg5 f6 22. Be3 cxb2 23. Bc5 Rd8 24. Rb1 Qf7 25. h3 Bb7 26. Qb6 Qd5 27. Rxb2 Qd1+ 28. Kh2 f5 29. Qe6+ Kh8 30. Nxe5 Bd5 31. Qe7 Bg8 32.
c4 Qe1 33. Nxg6+ 1-0

[Event "*** Qualifier 2: Titled Tuesday 3|2 Blitz"]
[Site "Chess.com"]
[Date "2017.04.11"]
[Round "2"]
[White "Rating-Schmating"]
[Black "TomsKantans"]
[Result "0-1"]
[WhiteElo "2246"]
[BlackElo "2453"]
[TimeControl "180+2"]
[EndTime "13:21:16 PDT"]
[Termination "TomsKantans won by resignation"]

1. e4 c5 2. Nf3 Nf6 3. Nc3 Nc6 4. d4 d5 5. exd5 Nxd5 6. Nxd5 Qxd5 7. c4 Qe4+ 8. Be3 cxd4 9. Nxd4 e5 10. Nxc6 Qxc6 11. Qc2 Bb4+ 12. Bd2 Bxd2+ 13. Qxd2 Be6 14. Qg5 O-O 15. Rc1 Rad8 16. Be2 f6 17. Qg3 Qb6 18. Qc3 Rd4 19. O-O Rfd8 20. Rfd1 a5 21. b3 Qb4 22.
Qxb4 axb4 23. Kf1 Kf7 24. Ke1 Ke7 25. Rxd4 Rxd4 26. Rd1 Rxd1+ 27. Kxd1 Kd6 28. Kd2 e4 29. Ke3 Ke5 30. Bd1 f5 31. g3 g5 32. Bc2 f4+ 33.
Kd2 Kd4 34. h4 h6 35. hxg5 hxg5 36. gxf4 gxf4 37. Ke2 b6 38. Bb1 Bg4+ 39. Kd2 e3+ 40. Ke1 Kc3 41. Be4 Kb2 42. Bc6 Kxa2 43. fxe3 fxe3 44.
Bd5 Kb2 45. Bg8 Kc3 46. Bf7 Bf5 47.
Ke2 Kd4 48. Be8 Bc2 49. Ba4 Bd3+ 50. Ke1 Kc3 51. Kd1 Bc2+ 52. Ke2 Bxb3 53. Be8 Kd4 54. Bf7 Bc2 55. Bg8 b3 56. Bh7 Bxh7 0-1

[Event "*** Qualifier 2: Titled Tuesday 3|2 Blitz"]
[Site "Chess.com"]
[Date "2017.04.11"]
[Round "2"]
[White "GM_Donatello"]
[Black "RitvarsReimanis"]
[Result "0-1"]
[WhiteElo "2494"]
[BlackElo "2410"]
[TimeControl "180+2"]
[EndTime "13:21:18 PDT"]
[Termination "RitvarsReimanis won on time"]

1. e4 c5 2. Nf3 Nc6 3. Bb5 g6 4.
Bxc6 bxc6 5. O-O Bg7 6. Re1 Nh6 7. c3 d6 8. h3 f6 9. d4 cxd4 10. cxd4 Nf7 11. Nc3 O-O 12. b3 Qa5 13. Bd2 Qh5 14. Ne2 Ng5 15. Nxg5 fxg5 16. Be3 Qh4 17. f3 Bxh3 18.
Bf2 Qh5 19. Ng3 Qh6 20. gxh3 Qxh3 21. Qe2 h5 22. Rad1 h4 23. Nf1 Rxf3 24. Nh2 Rf4 25. Rd3 Qd7 26. e5 Raf8 27. e6 Qb7 28. Be3 R4f5 29.
Qg4 Qb5 30. Rd2 Qd5 31. Rf2 Rxf2 32. Bxf2 Rf4 33. Qd1 h3 0-1

[Event "*** Qualifier 2: Titled Tuesday 3|2 Blitz"]
[Site "Chess.com"]
[Date "2017.04.11"]
[Round "2"]
[White "jeaston1"]
[Black "ruvat"]
[Result "0-1"]
[WhiteElo "2104"]
[BlackElo "2211"]
[TimeControl "180+2"]
[EndTime "13:21:21 PDT"]
[Termination "ruvat won by resignation"]

1. d4 d6 2. c4 e5 3. dxe5 dxe5 4.
Qxd8+ Kxd8 5. Nc3 Be6 6. Nf3 f6 7. e3 Nd7 8. Be2 c6 9. O-O a5 10. Rd1 Kc7 11. b3 Ne7 12. Ba3 Nc8 13. Bxf8 Rxf8 14.
Nd2 Nc5 15. Nde4 Nxe4 16. Nxe4 Bf5 17. Ng3 Be6 18. f4 exf4 19. exf4 Nb6 20. Bd3 h6 21. Nh5 Bg4 22. Nxg7 Rf7 23. Nf5 Bxd1 24. Rxd1 Rd8 25.
Bc2 Rxd1+ 26. Bxd1 Rd7 27. Bf3 Rd2 28. Nxh6 Rxa2 29. Ng4 Rb2 30. h4 Rxb3 31. h5 Nd7 32. h6 Nf8 33. Nxf6 a4 34. Be4 a3 35. Ne8+ Kd8 36.
Nd6 0-1

[Event "*** Qualifier 2: Titled Tuesday 3|2 Blitz"]
[Site "Chess.com"]
[Date "2017.04.11"]
[Round "2"]
[White "Infernal_XaM"]
[Black "Witik"]
[Result "0-1"]
[WhiteElo "2738"]
[BlackElo "2494"]
[TimeControl "180+2"]
[EndTime "13:21:33 PDT"]
[Termination "Witik won by resignation"]

1. d4 Nf6 2. Nf3 e6 3. Bf4 c5 4.
e3 b6 5. Nbd2 Bb7 6. Bd3 Be7 7.
O-O O-O 8. c3 d6 9. h3 Nbd7 10.
Bh2 a6 11. e4 b5 12. Qe2 Re8 13. e5 dxe5 14. dxe5 Nd5 15. Ne4 Qb6 16. Rad1 h6 17. Bc2 c4 18. Nd4 Nf8 19. Qg4 Kh8 20. Rfe1 Rad8 21. Kh1 Nd7 22. f4 Bf8 23. f5 exf5 24.
Qxf5 g6 25. Qxf7 Re7 26. Qf2 Nxe5 27. Nc5 Bg7 28. Nxb7 Qxb7 29. Be4 Qb6 30. Qh4 Qf6 31. Qg3 Nb6 32. Rf1 Qg5 33. Qxg5 hxg5 34. Nf3 Nd3 35. Nxg5 Nf2+ 36. Rxf2 Rxd1+ 37. Bg1 Nd7 38. Bxg6 Ree1 39. Nf3 Rf1 40. Rxf1 Rxf1 41. Be4 Ne5 42. Nxe5 Bxe5 43. g4 Ra1 44. a3 Ra2 45. Bb7 Rxb2 46. Bxa6 Bxc3 47. Bc5 Kg7 48. h4 Be5 49. h5 c3 50.
Be3 c2 51. Bb7 Rb1+ 52. Kg2 c1=Q 53. h6+ Kh8 54. Bxc1 Rxc1 55. Kf3 Kh7 56. g5 Kg6 0-1

[Event "*** Qualifier 2: Titled Tuesday 3|2 Blitz"]
[Site "Chess.com"]
[Date "2017.04.11"]
[Round "2"]
[White "FelixBlohberger"]
[Black "Outsmiter"]
[Result "1-0"]
[WhiteElo "2223"]
[BlackElo "2117"]
[TimeControl "180+2"]
[EndTime "13:21:35 PDT"]
[Termination "FelixBlohberger won by resignation"]

1. c4 d6 2. d4 e5 3. Nf3 e4 4.
Nfd2 f5 5. Nc3 Nf6 6. e3 c6 7. b4 Be7 8. a4 O-O 9. Ba3 c5 10.
bxc5 dxc5 11. d5 Na6 12. Be2 Ne8 13. f3 exf3 14. Bxf3 Bh4+ 15. g3 Bg5 16. Qe2 Nd6 17.
O-O Bd7 18. e4 Qa5 19. Nb5 Qxd2 20. Qxd2 Bxd2 21. Nxd6 b6 22. e5 Bc3 23. e6 Bxa1 24. Rxa1 Bxa4 25. Bb2 Nb4 26. Rxa4 Rfd8 27. Nxf5 Nd3 28.
Bxg7 a6 29. e7 Re8 30. d6 Ra7 31. Bc6 Kf7 32. Bxe8+ Kxe8 33. Bc3 a5 34. Ng7+ 1-0

[Event "*** Qualifier 2: Titled Tuesday 3|2 Blitz"]
[Site "Chess.com"]
[Date "2017.04.11"]
[Round "2"]
[White "evgenyermolaev"]
[Black "hermionegrangermagic"]
[Result "1-0"]
[WhiteElo "2375"]
[BlackElo "2302"]
[TimeControl "180+2"]
[EndTime "13:21:40 PDT"]
[Termination "evgenyermolaev won by resignation"]

1. e4 c5 2. Nf3 Nc6 3. Bb5 d6 4. O-O Bd7 5. Nc3 a6 6. Bxc6 Bxc6 7. d4 cxd4 8. Nxd4 Bd7 9. Be3 Nf6 10.
f3 g6 11. a4 b6 12. Qd2 Bg7 13. Nd5 O-O 14. c4 e6 15. Nc3 Qc7 16. b3 Rfe8 17. Rfd1 Rac8 18. Rac1 Qb8 19. Nde2 Bf8 20. Bf4 Rc6 21.
Nd4 Rcc8 22. Nde2 Rc6 23. Bg5 Bg7 24. e5 Nh5 25. g4 Bxe5 26. gxh5 gxh5 27. f4 Bg7 28. Nd4 Rc5 29. Ne4 h6 30. Nf6+ Bxf6 31. Bxf6 e5 32. fxe5 dxe5 33. Qxh6 1-0

[Event "*** Qualifier 2: Titled Tuesday 3|2 Blitz"]
[Site "Chess.com"]
[Date "2017.04.11"]
[Round "2"]
[White "iturrizaga"]
[Black "EvgenyT"]
[Result "1/2-1/2"]
[WhiteElo "2660"]
[BlackElo "2489"]
[TimeControl "180+2"]
[EndTime "13:21:49 PDT"]
[Termination "Game drawn by agreement"]

1. Nf3 d5 2. c4 d4 3. g3 Nc6 4.
Bg2 e5 5. d3 Bb4+ 6. Nfd2 a5 7.
O-O Nf6 8. Na3 O-O 9. Nc2 Bd6 10. a3 Bf5 11. Rb1 Qd7 12. b4 axb4 13. axb4 Bh3 14. b5 Bxg2 15. Kxg2 Nd8 16. Nf3 Ne6 17. e3 dxe3 18. Bxe3 Rfe8 19. Ra1 Rxa1 20. Qxa1 Nf4+ 21. Bxf4 exf4 22. Re1 fxg3 23. hxg3 h6 24. Rxe8+ Qxe8 25. Ne3 c6 26. Nf5 Bf8 27. bxc6 Qxc6 28. Qe5 g6 29.
Ne3 Nd7 30. Qe8 Nc5 31. Qxc6 bxc6 32. d4 Ne6 33. d5 cxd5 34. Nxd5 Nc5 35. Ne5 Kg7 1/2-1/2

[Event "*** Qualifier 2: Titled Tuesday 3|2 Blitz"]
[Site "Chess.com"]
[Date "2017.04.11"]
[Round "2"]
[White "Zlatan56"]
[Black "ehrenfeld"]
[Result "0-1"]
[WhiteElo "2570"]
[BlackElo "2326"]
[TimeControl "180+2"]
[EndTime "13:21:53 PDT"]
[Termination "ehrenfeld won by resignation"]

1. Nf3 d6 2. g3 e5 3. Bg2 f5 4. O-O Nf6 5. d4 e4 6. Ng5 d5 7. c4 c6 8. Nc3 h6 9. Nh3 g5 10. f3 Be6 11. Qb3 Qb6 12. c5 Qxb3 13.
axb3 Na6 14. Bd2 Bg7 15. fxe4 Nxe4 16. Nxe4 fxe4 17. e3 Nc7 18. Nf2 O-O 19. Bh3 Bxh3 20. Nxh3 Nb5 21. Bc3 a6 22. b4 Nc7 23. Kg2 Ne6 24. Bd2 g4 25. Nf4 Ng5 26. Bc3 Rf7 27. Nh5 Raf8 28. Rxf7 Rxf7 29. Nf4 Bf8 30. b5 axb5 31. Ra8 Kg7 32. Ba5 Be7 33. Bc7 Bf6 34.
Bd6 Kh7 35. Ra7 Kg8 36. Nh5 Bg7 37. Ra8+ Kh7 38. Rb8 Ne6 39. Nf4 Nxf4+ 40. gxf4 h5 41. h3 Kg6 42. hxg4 hxg4 43. Kg3 Kf5 44. Rg8 Bf6 45.
Rxg4 Rg7 46. Rxg7 Bxg7 47. Kh4 Bf6+ 48. Kh5 Bd8 49. Kh6 Ba5 50. Kg7 Bd2 51. Kf7 Bxe3 52. Ke7 Bxd4 0-1

[Event "*** Qualifier 2: Titled Tuesday 3|2 Blitz"]
[Site "Chess.com"]
[Date "2017.04.11"]
[Round "2"]
[White "Sven_Tica"]
[Black "bilelou"]
[Result "1/2-1/2"]
[WhiteElo "2398"]
[BlackElo "2341"]
[TimeControl "180+2"]
[EndTime "13:21:59 PDT"]
[Termination "Game drawn - insufficient material"]

1. d4 d5 2. c4 e6 3. Nf3 c6 4. Qc2 dxc4 5. Qxc4 b5 6. Qc2 Bb7 7. g3 Nf6 8. Bg2 Nbd7 9. O-O Rc8 10. Nc3 Qb6 11. Bf4 c5 12. dxc5 Bxc5 13. h3 O-O 14. Rad1 b4 15. Na4 Bxf2+ 16. Rxf2 Qxf2+ 17. Kxf2 Rxc2 18.
Nd4 Bxg2 19. Nxc2 Bxh3 20. Nxb4 e5 21. Bc1 Ne4+ 22. Kg1 Bg4 23. Kg2 Ndf6 24. Be3 Bxe2 25. Re1 Bb5 26. Nc5 Nxc5 27. Bxc5 a5 28. Bxf8 axb4 29.
Bxb4 Bc6+ 30. Kg1 e4 31. Be7 Nd5 32. Rxe4 f5 33. Rc4 Nxe7 34. a4 Kf7 35. a5 Ke6 36. a6 Kd5 37. b3 Nc8 38. Kf2 g5 39. Ke3 h5 40. Rd4+ Kc5 41. Rd8 Na7 42. Rg8 h4 43.
Rxg5 h3 44. Rh5 Bg2 45. Kf4 Kb6 46. Rh6+ Nc6 47. Kxf5 Kxa6 48. g4 Kb5 49. g5 Nd4+ 50. Kg4 Nf3 51. Kg3 Nxg5 52. Rh5 Kb4 53. Rxg5 Kxb3 54. Rh5 Kc3 55. Rxh3 Bxh3 1/2-1/2

[Event "*** Qualifier 2: Titled Tuesday 3|2 Blitz"]
[Site "Chess.com"]
[Date "2017.04.11"]
[Round "2"]
[White "DagurR"]
[Black "dolynachess"]
[Result "1-0"]
[WhiteElo "2444"]
[BlackElo "2330"]
[TimeControl "180+2"]
[EndTime "13:22:04 PDT"]
[Termination "DagurR won by resignation"]

1. d4 Nf6 2. c4 c5 3. d5 b5 4. f3 bxc4 5. e4 d6 6. Ne2 g6 7. Nec3 Bg7 8. a4 O-O 9. Na3 Ba6 10.
Bxc4 Bxc4 11. Nxc4 Na6 12. O-O Rb8 13. Be3 Nd7 14. Qd2 Ne5 15. Na3 Rb4 16. Qe2 Qb6 17. Rfb1 Rb8 18. f4 Nd7 19. Nc4 Qd8 20. Nb5 Rb7 21.
Bd2 Rb3 22. Qd1 Rd3 23. Qc2 Rd4 24. Nxd4 Bxd4+ 25. Be3 Nb4 26. Qd2 Bg7 27. a5 a6 28.
h3 Rb5 29. Rf1 Nf6 30. e5 Nfxd5 31. Bf2 h5 32. Rad1 Bh6 33. g3 dxe5 34. Nxe5 h4 35.
Ng4 Bg7 36. gxh4 e6 37. Ne5 Rxa5 38. Rc1 Qe7 39. Bg3 Bh6 40. Qf2 Nc6 41. Nxc6 1-0

[Event "*** Qualifier 2: Titled Tuesday 3|2 Blitz"]
[Site "Chess.com"]
[Date "2017.04.11"]
[Round "2"]
[White "likantrophuss"]
[Black "Alexander_Donchenko"]
[Result "0-1"]
[WhiteElo "2400"]
[BlackElo "2590"]
[TimeControl "180+2"]
[EndTime "13:22:08 PDT"]
[Termination "Alexander_Donchenko won by resignation"]

1. Nf3 c5 2. b3 Nc6 3. Bb2 Nf6 4.
e3 g6 5. c4 Bg7 6. g3 O-O 7.
Bg2 b6 8. O-O Bb7 9. d3 d6 10. Nc3 Rc8 11. a3 Qd7 12. Qc2 Rfd8 13. Nd5 Ne8 14. Bxg7 Kxg7 15. h4 e6 16. Qb2+ Kg8 17.
Nf6+ Nxf6 18. Qxf6 Qe7 19. Qb2 d5 20. Ng5 h6 21.
cxd5 exd5 22. Nh3 d4 23. e4 Ne5 24. Qe2 b5 25. f4 Nd7 26. h5 c4 27. bxc4 bxc4 28.
hxg6 fxg6 29. Qg4 Nf8 30. f5 cxd3 31. fxg6 Rc2 32. Rf7 Rxg2+ 33. Kxg2 Qxe4+ 34. Qxe4 Bxe4+ 35. Kf2 Nxg6 36. Rxa7 Rf8+ 37. Nf4 Nxf4 38. gxf4 Rxf4+ 39. Kg3 Rf3+ 40. Kh4 d2 41. Rg1+ Kf8 42. Rd1 Rd3 43. Rb1 Rh3+ 44. Kxh3 Bxb1 45. Ra8+ Ke7 46. Ra7+ Kd6 0-1

[Event "*** Qualifier 2: Titled Tuesday 3|2 Blitz"]
[Site "Chess.com"]
[Date "2017.04.11"]
[Round "2"]
[White "Keranke"]
[Black "GrigorGrigorov"]
[Result "1-0"]
[WhiteElo "2672"]
[BlackElo "2494"]
[TimeControl "180+2"]
[EndTime "13:22:14 PDT"]
[Termination "Keranke won by checkmate"]

1. d4 Nf6 2. c4 e6 3. Nc3 Bb4 4.
e3 O-O 5. Ne2 d5 6. a3 Be7 7.
cxd5 exd5 8. Nf4 c6 9. Bd3 Re8 10. O-O a5 11. Rb1 Na6 12. Re1 Nc7 13. b4 axb4 14.
axb4 Ne6 15. Nh5 Nxh5 16. Qxh5 g6 17. Qf3 b5 18. Qg3 Bd6 19. f4 Ng7 20. e4 dxe4 21. Nxe4 Bf5 22. Bb2 Nh5 23. Qf3 Nxf4 24. Nxd6 Qxd6 25.
Bxf5 gxf5 26. g3 Nd5 27. Qxf5 Qg6 28. Qd7 Red8 29. Qh3 Ra2 30. Rf1 Ne3 31. Rfe1 Nc4 32.
Bc3 Rc2 33. Rbc1 Rxc1 34. Rxc1 Qg5 35. Re1 Nd2 36. Qg2 Nc4 37. Qxc6 Qf5 38. d5 Nd6 39. Qxd6 Rxd6 40. Re8# 1-0

[Event "*** Qualifier 2: Titled Tuesday 3|2 Blitz"]
[Site "Chess.com"]
[Date "2017.04.11"]
[Round "2"]
[White "MartinMatthiesen"]
[Black "aRk_iN"]
[Result "0-1"]
[WhiteElo "2252"]
[BlackElo "2153"]
[TimeControl "180+2"]
[EndTime "13:22:15 PDT"]
[Termination "aRk_iN won by resignation"]

1. d4 Nf6 2. c4 g6 3. Nc3 d5 4. Nf3 Bg7 5. Qb3 dxc4 6. Qxc4 O-O 7. e4 Nc6 8. Be2 Bg4 9. Be3 e5 10. d5 Bxf3 11. Bxf3 Nd4 12. Be2 Nc2+ 13. Kd2 Nxa1 14. Rxa1 c6 15. Rd1 cxd5 16. exd5 Rc8 17. Qb3 b6 18.
Ke1 Ne8 19. d6 Nf6 20. Nb5 Qd7 21. Qa4 h6 22. Qxa7 Ra8 23. Qxd7 Nxd7 24. a3 Rfd8 25. Bf3 Ra5 26. Bc6 Bf8 27. Bd2 Ra4 28. Bb4 Nc5 29.
Nc7 Ra7 30. Nd5 Bxd6 31. Nf6+ Kg7 32. Ng4 h5 33. Ne3 Be7 34. Rb1 Nd3+ 35. Ke2 Nxb4 36. axb4 Bxb4 37. Be4 Bc5 38. Nc4 Ra2 39. Nxe5 Re8 40.
f4 f6 41. Bd5 Ra7 42. b4 Bf8 43. Kf3 fxe5 44. fxe5 Rxe5 0-1

[Event "*** Qualifier 2: Titled Tuesday 3|2 Blitz"]
[Site "Chess.com"]
[Date "2017.04.11"]
[Round "2"]
[White "Cayse"]
[Black "GMMarcinDziuba"]
[Result "1-0"]
[WhiteElo "2596"]
[BlackElo "2533"]
[TimeControl "180+2"]
[EndTime "13:22:24 PDT"]
[Termination "Cayse won by resignation"]

1. e4 c5 2. Nf3 d6 3. Bb5+ Nd7 4. O-O a6 5. Bd3 Ngf6 6. c3 e6 7. Bc2 b5 8. a4 Bb7 9. Qe2 Be7 10. d4 O-O 11.
Re1 Qb6 12. Nbd2 Rfe8 13. e5 Nd5 14. Ne4 cxd4 15. exd6 Bxd6 16. Nxd4 b4 17. a5 Qc7 18.
Nxd6 Qxd6 19. c4 Nf4 20. Bxf4 Qxf4 21. Rad1 Qg5 22. Nf3 Bxf3 23. Qxf3 Nc5 24. g3 Rad8 25.
h4 Qe7 26. Qc6 b3 27. Bb1 g6 28. h5 Rc8 29. Qf3 Qg5 30. Kg2 Qxh5 31. Qxh5 gxh5 32.
Rh1 Rcd8 33. Rde1 Na4 34. Re3 Nxb2 35. Rxb3 Nxc4 36. Rxh5 f5 37. Rb7 Nd6 38. Rbxh7 Nf7 39. Rh1 Rd2 40. g4 fxg4 41. R1h4 Rb8 42. Bg6 Ne5 43.
Rh8+ Kg7 44. Rxb8 Kxg6 45. Kg3 Kf5 46. Rh5+ Ke4 47. Rb4+ Kd5 48. Rxg4 Rd3+ 49. Kg2 Kd6 50. Rb4 Nc6 51. Rb6 e5 52. Rh6+ Kd5 53. Rhxc6 1-0

[Event "*** Qualifier 2: Titled Tuesday 3|2 Blitz"]
[Site "Chess.com"]
[Date "2017.04.11"]
[Round "2"]
[White "Th3ChessViking"]
[Black "Grebeniuk-S"]
[Result "0-1"]
[WhiteElo "2273"]
[BlackElo "2404"]
[TimeControl "180+2"]
[EndTime "13:22:32 PDT"]
[Termination "Grebeniuk-S won on time"]

1. c4 f5 2. g3 Nf6 3. Bg2 g6 4.
Nf3 Bg7 5. O-O O-O 6. Nc3 d6 7. d3 e5 8. Rb1 Nc6 9. b4 Ne7 10. c5 h6 11. cxd6 cxd6 12. Nd2 d5 13. b5 Be6 14. Ba3 Rf7 15. Na4 b6 16. Nf3 Nd7 17.
Rc1 e4 18. dxe4 dxe4 19. Nd4 Bxa2 20. Rc2 Bd5 21. Rd2 Qe8 22. Bxe7 Qxe7 23. Nxf5 gxf5 24.
Rxd5 Raf8 25. Qb3 Kh8 26. Rfd1 Ne5 27. e3 Nd3 28. Bf1 Ne5 29. Be2 Qg5 30. Nb2 Rc7 31. h4 Qe7 32. Nc4 Nxc4 33. Bxc4 f4 34. exf4 e3 35. fxe3 Rfc8 36. Bf1 Rc3 37. Qb1 Qxe3+ 38. Kh1 Qxg3 39. Rd8+ Bf8 40. Qf5 Qxh4+ 41. Kg1 Rxd8 0-1

[Event "*** Qualifier 2: Titled Tuesday 3|2 Blitz"]
[Site "Chess.com"]
[Date "2017.04.11"]
[Round "2"]
[White "MattyDPerrine"]
[Black "LawrenceTrent"]
[Result "1-0"]
[WhiteElo "2276"]
[BlackElo "2367"]
[TimeControl "180+2"]
[EndTime "13:22:37 PDT"]
[Termination "MattyDPerrine won by checkmate"]

1. Nf3 Nf6 2. g3 g6 3. Bg2 Bg7 4. O-O O-O 5. d4 d5 6. c4 dxc4 7. Na3 c3 8. bxc3 c5 9. Nc4 Nc6 10. Rb1 Be6 11. Nce5 Bd5 12. c4 Be4 13. Nxc6 bxc6 14. Rb7 Re8 15. dxc5 Qa5 16. Qb3 Rad8 17.
Bf4 Rd7 18. Ne5 Rxb7 19. Qxb7 Qxc5 20. Bxe4 Nxe4 21. Qxc6 Rc8 22. Qxe4 f5 23. Qd5+ Qxd5 24. cxd5 g5 25. Nc6 Bf6 26. Be5 Kf7 27. Bxf6 Kxf6 28. f3 e6 29. e4 exd5 30. exd5 Rc7 31. Rb1 Rd7 32. Rb5 g4 33. Kf2 h5 34. f4 h4 35.
Ra5 h3 36. Ke3 Rb7 37. Rxa7 Rb2 38. Ne5 Re2+ 39. Kd4 Rd2+ 40. Nd3 Rxh2 41. Ne5 Rd2+ 42. Kc5 Rc2+ 43. Kd6 Rc7 44. Rxc7 h2 45. Rf7# 1-0

[Event "*** Qualifier 2: Titled Tuesday 3|2 Blitz"]
[Site "Chess.com"]
[Date "2017.04.11"]
[Round "2"]
[White "rst2003"]
[Black "talaicito"]
[Result "0-1"]
[WhiteElo "2087"]
[BlackElo "2065"]
[TimeControl "180+2"]
[EndTime "13:22:38 PDT"]
[Termination "talaicito won by resignation"]

1. e4 e6 2. d4 d5 3. Nd2 Nf6 4.
e5 Nfd7 5. Bd3 c5 6. c3 Nc6 7.
Ne2 cxd4 8. cxd4 f6 9. exf6 Nxf6 10. Nf3 Qc7 11. O-O Bd6 12. h3 O-O 13. Be3 Bd7 14. Rc1 Rae8 15. a3 Qb8 16. Bb1 Ne7 17. Nc3 Nf5 18. Bg5 h6 19. Bxf5 hxg5 20. Bg6 g4 21. Ng5 Bf4 22. Bxe8 Rxe8 23. hxg4 Bxg5 24. f4 Bxf4 25.
Rc2 Be3+ 26. Kh1 Kf7 27. Rf3 Rh8+ 28. Rh3 e5 29. dxe5 Bxg4 30. Qe1 Bxh3 31. Qxe3 Bf5+ 32. Kg1 Bxc2 33. exf6 Qh2+ 34. Kf2 Qh4+ 35. Ke2 Qxf6 36. Nxd5 Re8 37. Qxe8+ Kxe8 38. Nxf6+ gxf6 39. Kd2 Bg6 40. Ke3 Kd7 41. Kd4 Ke6 42. g4 Bc2 43. Ke3 Bd1 44. Kf4 Bc2 45. g5 f5 46. b4 Kf7 47.
Ke5 Kg6 48. Kf4 a6 49. Ke5 Kxg5 0-1

[Event "*** Qualifier 2: Titled Tuesday 3|2 Blitz"]
[Site "Chess.com"]
[Date "2017.04.11"]
[Round "2"]
[White "Feegus"]
[Black "kleinebeer98"]
[Result "1-0"]
[WhiteElo "2371"]
[BlackElo "2482"]
[TimeControl "180+2"]
[EndTime "13:22:40 PDT"]
[Termination "Feegus won by resignation"]

1. d4 Nf6 2. Bf4 e6 3. e3 c5 4. c3 Nc6 5. Nd2 b6 6. Ngf3 Bb7 7. h3 Be7 8. Bd3 h6 9. O-O O-O 10. e4 cxd4 11. cxd4 Nb4 12. Bb1 Ba6 13. Re1 Nd3 14.
Bxd3 Bxd3 15. Qb3 Ba6 16. Rac1 Rc8 17. Rc3 d5 18. e5 Ne4 19. Nxe4 dxe4 20. Rxe4 Bb7 21.
Ree3 Qd7 22. Rcd3 Bd5 23. Qd1 a5 24. b3 Rc7 25. Kh2 Rfc8 26. Nd2 Kf8 27. Qh5 Ke8 28. Rg3 Bf8 29. Bxh6 gxh6 30. Rg8 Qe7 31. Nc4 Bxc4 32. bxc4 Rxc4 33. d5 exd5 34. Rxd5 R4c5 35. Rxc5 Rxc5 36. f4 Qe6 37. Qf3 Qd5 38. Qg4 Qe4 39. e6 Qxe6 40. Qg7 Qe7 41. Qxh6 Rc8 42. Qxb6 Qd7 43.
Qe3+ Kd8 44. Rxf8+ Kc7 45. Qc3+ Kb7 46. Rxc8 1-0

[Event "*** Qualifier 2: Titled Tuesday 3|2 Blitz"]
[Site "Chess.com"]
[Date "2017.04.11"]
[Round "2"]
[White "Alex_Molchanov"]
[Black "tigra"]
[Result "0-1"]
[WhiteElo "2401"]
[BlackElo "2616"]
[TimeControl "180+2"]
[EndTime "13:22:41 PDT"]
[Termination "tigra won by resignation"]

1. c4 e5 2. Nc3 Nf6 3. g3 d5 4. cxd5 Nxd5 5. Bg2 Nb6 6. Nf3 Nc6 7. O-O Be7 8. d3 O-O 9. a3 Re8 10.
b4 Be6 11. Ne4 a5 12. b5 Nd4 13. Nxe5 Bb3 14. Qd2 Nxb5 15. a4 Nxa4 16. Rb1 Nd4 17. e3 Bb4 18. exd4 Bxd2 19. Bxd2 Bd5 20. Rfc1 Nb6 21. Rb5 Bxe4 22. Bxe4 c6 23. Rbb1 Ra7 24. Nc4 Nxc4 25. Rxc4 b5 26. Rxc6 b4 27. d5 Rc7 28.
Ra6 Rc2 29. Be3 f5 30. Bxf5 Qxd5 31. Be4 Qa2 32. Rxb4 Qa1+ 33. Kg2 Qe1 34. Bd5+ Kh8 35. Re4 Rf8 36. Bd4 Rfxf2+ 37. Kh3 Rxh2+ 38. Kg4 Qd1+ 39. Kf4 Qc1+ 40. Kg4 h5+ 41. Kf5 Kh7 42. Ra8 Rhf2+ 43. Bxf2 Rxf2+ 44. Ke5 Qg5+ 45. Kd4 Qf6+ 46. Ke3 Rf3+ 47.
Ke2 Rxg3 48. Bg8+ Kh8 49. Re6 Qf3+ 50. Ke1 Qxa8 0-1

[Event "*** Qualifier 2: Titled Tuesday 3|2 Blitz"]
[Site "Chess.com"]
[Date "2017.04.11"]
[Round "2"]
[White "Noukii"]
[Black "1e41-0"]
[Result "1-0"]
[WhiteElo "2629"]
[BlackElo "2304"]
[TimeControl "180+2"]
[EndTime "13:22:49 PDT"]
[Termination "Noukii won by checkmate"]

1. d4 d5 2. c4 c6 3. Nc3 Nf6 4.
Nf3 e6 5. Bg5 h6 6. Bxf6 Qxf6 7.
Qb3 Nd7 8. e4 dxe4 9. Nxe4 Qd8 10. Bd3 Be7 11. O-O O-O 12. Rad1 b6 13. Bb1 Bb7 14. Qc2 Re8 15. Nc5 Nf6 16. Nxb7 Qc7 17. Ne5 Qxb7 18. Rd3 Rad8 19. Rfd1 Qc7 20. Rg3 Bd6 21. f4 c5 22. Ng4 Kf8 23. Nxf6 gxf6 24. Qh7 Ke7 25. Rg7 Rf8 26. Bg6 Ke8 27. Re1 Qe7 28. d5 e5 29. h4 Rd7 30. Bf5 Rd8 31. Qxh6 a6 32. h5 b5 33. b3 bxc4 34. bxc4 Rb8 35.
Qh7 Qb7 36. h6 Qb4 37. Re4 Qb1+ 38. Kh2 Qc1 39. Rxf7 Rxf7 40. Bg6 Rb7 41. Qg8+ Bf8 42. h7 Kd8 43. h8=Q Rb1 44. Qxf8+ Rxf8 45. Qxf8+ Kc7 46.
Qxc5+ Kb8 47. Qf8+ Kb7 48. Qf7+ Kb6 49. Qxf6+ Ka5 50. Qxe5 Qg1+ 51. Kg3 Rd1 52. d6+ Kb4 53.
c5+ Ka3 54. Qc3+ Kxa2 55. Ra4# 1-0

[Event "*** Qualifier 2: Titled Tuesday 3|2 Blitz"]
[Site "Chess.com"]
[Date "2017.04.11"]
[Round "2"]
[White "Marcus_Harvey"]
[Black "GeorgMeier"]
[Result "0-1"]
[WhiteElo "2493"]
[BlackElo "2709"]
[TimeControl "180+2"]
[EndTime "13:22:55 PDT"]
[Termination "GeorgMeier won by resignation"]

1. Nf3 d5 2. b3 Bf5 3. Bb2 e6 4.
e3 h6 5. Be2 Nf6 6. O-O Bd6 7.
c4 c6 8. Nc3 O-O 9. d4 Nbd7 10.
Qc1 Qe7 11. h3 a6 12. a4 Ne4 13. Nxe4 Bxe4 14. Nd2 Bg6 15. a5 e5 16. Ba3 exd4 17.
Bxd6 Qxd6 18. exd4 Rfe8 19. Bf3 Nf8 20. cxd5 cxd5 21.
Qc5 Rad8 22. Qxd6 Rxd6 23. b4 Ne6 24. Nb3 Be4 25. Bxe4 dxe4 26. Rfd1 Nf4 27. Nc5 Rg6 28. g3 e3 29. Kh2 Nd5 30. fxe3 Rxe3 31. Re1 Rgxg3 32.
Rxe3 Rxe3 33. b5 axb5 34. Nxb7 b4 35. a6 Ra3 36. Rxa3 bxa3 37. a7 Nb6 38. Nc5 a2 39.
Nb3 f5 40. Kg3 g5 41. Kf3 Kf7 42. Ke3 Ke6 43. Kd3 Kd5 44. Kc2 h5 45. Kb2 h4 46.
Nc5 Na8 47. Nd7 Kxd4 48. Nf6 Ke5 49. Nd7+ Kd6 50. Nf6 Ke6 51. Nh5 Ke5 52. Kxa2 g4 53. hxg4 fxg4 54. Kb3 g3 0-1

[Event "*** Qualifier 2: Titled Tuesday 3|2 Blitz"]
[Site "Chess.com"]
[Date "2017.04.11"]
[Round "2"]
[White "pedromartinez91"]
[Black "Bigfish1995"]
[Result "0-1"]
[WhiteElo "2307"]
[BlackElo "2646"]
[TimeControl "180+2"]
[EndTime "13:22:59 PDT"]
[Termination "Bigfish1995 won by resignation"]

1. e4 c6 2. d4 d5 3. exd5 cxd5 4.
Bd3 Nc6 5. c3 Qc7 6. Nf3 Bg4 7.
h3 Bh5 8. Bg5 e6 9. Nbd2 Bd6 10.
Qe2 Nge7 11. O-O O-O 12. Bxe7 Nxe7 13. Rfe1 Bh2+ 14. Kh1 Bf4 15. Nf1 Rae8 16. Ne3 f5 17.
Qd1 Nc6 18. Nf1 Kh8 19. Be2 Bf7 20. Ng1 Qd8 21. Bh5 g6 22. Bf3 Bc7 23. Qb3 Na5 24. Qa4 a6 25. Re2 Qd6 26. Rae1 b5 27. Qc2 Re7 28. Re5 Nc4 29. R5e2 Rg8 30. b3 Nb6 31. g3 Nd7 32. Qd2 Nf6 33. Bg2 Qc6 34.
f3 g5 35. Rf2 Nh5 36. Ne2 a5 37. g4 Nf6 38. Neg3 f4 39. Ne2 h5 40. Nc1 Bg6 41. Nd3 Nd7 42. Kg1 Bb6 43. Ne5 Nxe5 44. Rxe5 Bh7 45.
gxh5 Bf5 46. Nh2 Rc7 47. Ng4 Qxc3 48. Qxc3 Rxc3 49. Nf6 Bxd4 50. Rxf5 exf5 51. Nxd5 Rc2 52. Bf1 Rxf2 0-1